 Dungeon Crawl Stone Soup version 0.31-a0-319-g4fced400ed (webtiles) character file.

Game seed: 1142342434535588440

1724 jt the Tainted (level 9, -1/79 HPs)
             Began as a Naga Shapeshifter on July 17, 2023.
             Was an Initiate of Yredelemnul.
             Slain by a black bear (3 damage)
             ... on level 7 of the Dungeon.
             The game lasted 00:16:42 (5852 turns).

jt the Tainted (Naga Shapeshifter)                  Turns: 5852, Time: 00:16:43

Health: -1/79      AC:  4    Str: 19    XL:     9   Next: 4%
Magic:  13/13      EV: 10    Int: 12    God:    Yredelemnul [......]
Gold:   234        SH:  0    Dex: 11    Spells: 8/8 levels left

rFire   . .          .
                       - Unarmed
rCold   . . .        (no shield)
rNeg    . . .        a - +0 animal skin
rPois   +            (helmet currently unavailable)
rElec   .            (cloak currently unavailable)
rCorr   .            (gloves currently unavailable)
SInv    +            (no barding)
Will    +....        f - amulet of faith
Stlth   ++           (no ring)
HPRegen 0.33/turn    (no ring)
MPRegen 0.13/turn

%: faith
@: beast-form, very slow
A: beast (slay +3), AC +3, large, see invisible, deformed body, poison
resistance, slowness 2, spit poison 1, naga tail 1
a: Spit Poison, Begin Untransformation, Renounce Religion, Recall Undead Harvest


You were on level 7 of the Dungeon.
You worshipped Yredelemnul.
Yredelemnul was noncommittal.
You were a hulking beast.
You visited 2 branches of the dungeon, and saw 8 of its levels.
You also visited: Ossuary.

You collected 234 gold pieces.

Inventory:

Hand Weapons
 i - a +0 dagger of draining
 l - a +0 hand axe
 o - a +2 long sword of protection
 r - a +3 hand axe
 x - a +2 halberd of venom
 A - a +0 shortbow
Missiles
 e - 11 poisoned darts
 w - 6 boomerangs
Armour
 a - a +0 animal skin (worn)
 j - a +0 buckler
Magical Staves
 s - a staff of fire
Jewellery
 f - an amulet of faith (around neck)
Talismans
 c - a beast talisman
Wands
 t - a wand of iceblast (17)
 v - a wand of mindburst (14)
Scrolls
 b - 2 scrolls of enchant armour
 d - a scroll of torment
 g - 5 scrolls of teleportation
 m - 2 scrolls of noise
 q - a scroll of poison
 u - 2 scrolls of immolation
 y - a scroll of revelation
 z - a scroll of amnesia
Potions
 h - a potion of mutation
 k - a potion of enlightenment
 n - 3 potions of curing
 p - a potion of lignification


   Skills:
 + Level 4.6 Fighting
 - Level 3.7 Dodging
 - Level 4.0 Stealth
 + Level 4.6 Unarmed Combat
 + Level 5.6 Invocations
 - Level 4.0 Evocations
 - Level 4.6 Shapeshifting


You had 8 spell levels left.
You didn't know any spells.
Your spell library was empty.

Dungeon Overview and Level Annotations

Branches:
Dungeon (7/15)             Temple (1/1) D:6         Ossuary (visited)

Altars:
Ashenzari
Cheibriados
Dithmenos
Elyvilon
Fedhas
Gozag
Kikubaaqudgha
Makhleb
Nemelex Xobeh
Okawaru
Qazlal
Ru
Sif Muna
Trog
Uskayaw
Vehumet
Wu Jian
Xom
Yredelemnul
Zin

Shops:
D:4 [   D:7 [

Annotations:
D:2 Sigmund


Innate Abilities, Weirdness & Mutations

You are a hulking beast.
Your limbs bulge with bestial killing power. (Slay +3)
Your serpentine skin is tough. (AC +3)
You have supernaturally acute eyesight. (SInv)
Armour fits poorly on your strangely shaped body.
Your system is resistant to poisons. (rPois)
You cover ground very slowly.
You can spit poison.
You have a snake-like lower body.


Message History

You hit the black bear.
The black bear is severely wounded.
The bullfrog hits you. x2
You closely miss the black bear.
The black bear is severely wounded.
The black bear bites you.
The black bear claws you but does no damage.
The black bear claws you. The bullfrog closely misses you.
You are too injured to fight recklessly!
You are too injured to fight recklessly!
You closely miss the black bear.
The black bear is severely wounded.
The bullfrog closely misses you. The black bear bites you.
The black bear closely misses you. The black bear claws you.
You completely miss the black bear.
The black bear is severely wounded.
The bullfrog barely misses you. The black bear closely misses you. x2
The black bear barely misses you. The bullfrog hits you.
You punch the black bear!
The black bear is almost dead.
The bullfrog hits you.
* * * LOW HITPOINT WARNING * * *
The black bear goes berserk!
You hit the black bear.
The black bear is almost dead.
You have got your breath back.
The bullfrog hits you!
* * * LOW HITPOINT WARNING * * *
The black bear bites you.
* * * LOW HITPOINT WARNING * * *
The black bear claws you but does no damage.
The black bear claws you.
* * * LOW HITPOINT WARNING * * *
The bullfrog barely misses you. The black bear bites you.
* * * LOW HITPOINT WARNING * * *
The black bear claws you.
* * * LOW HITPOINT WARNING * * *
The black bear claws you.
You die...
Your body rises from the dead as a mindless zombie.

#.......##......#
#.......##∩####
#.............#
#.......##.##.#
#.......##.##.##
#...<...##.....#
#.......#####..#
#####..........####
###..Fh..........#
.......h..#.#.###.#
#.###.#.......#
##....#.#.#
#......#.#
#.######.# #.# ..#
...


You could see a black bear (berserk) and a bullfrog.

Vanquished Creatures
  2 orc warriors (D:6)
  A black bear (D:4)
  2 ice beasts (D:6)
  A phantom (D:5)
  5 elf zombies (Ossuary)
  A bullfrog (D:6)
  A howler monkey (D:5)
  7 human zombies (Ossuary)
  4 hounds
  A jelly (D:5)
  A gnoll bouda (D:6)
  2 iguanas (D:5)
  3 orc wizards
  3 mummies (Ossuary)
  6 gnolls
  5 adders
  2 white imps (D:5)
  An ufetubus (D:5)
  4 worms
  2 dart slugs
  9 orcs
  7 ball pythons
  5 endoplasms
  3 giant cockroaches
  6 goblins
  10 hobgoblins
  3 jackals (D:2)
  10 quokkas
  5 bats
  3 frilled lizards
  2 kobolds
  5 rats
122 creatures vanquished.

Vanquished Creatures (others)
  A hound zombie (D:6)
  3 gnoll zombies (D:6)
  An orc zombie (D:6)
5 creatures vanquished.

Grand Total: 127 creatures vanquished

Notes
Turn   | Place    | Note
-------+----------+-------------------------------------------
     0 | D:1      | jt the Naga Shapeshifter began the quest for the Orb.
     0 | D:1      | Reached XP level 1. HP: 19/19 MP: 1/1
    95 | D:1      | Reached skill level 1 in Stealth
   187 | D:1      | Reached XP level 2. HP: 26/26 MP: 2/2
   386 | D:1      | Reached XP level 3. HP: 29/32 MP: 3/3
   775 | D:2      | Noticed Sigmund
  1154 | D:2      | Reached XP level 4. HP: 36/39 MP: 4/4
  1961 | D:4      | Noticed a black bear
  2000 | D:4      | Found Nocrull's Armour Shoppe.
  2093 | D:4      | Found a sand-covered staircase.
  2100 | Ossuary  | Entered an ossuary
  2159 | Ossuary  | Reached XP level 5. HP: 36/46 MP: 5/5
  2241 | Ossuary  | Reached XP level 6. HP: 28/56 MP: 6/6
  2507 | Ossuary  | Reached XP level 7. HP: 44/63 MP: 7/7
  3054 | D:4      | Found a broken altar of Ashenzari.
  3430 | D:5      | Entered Level 5 of the Dungeon
  3500 | D:5      | Reached XP level 8. HP: 60/73 MP: 8/8
  4082 | D:5      | Found a basalt altar of Yredelemnul.
  4292 | D:5      | Became a worshipper of Yredelemnul the Dark
  4489 | D:5      | Reached * piety under Yredelemnul
  4722 | D:6      | Reached skill level 1 in Invocations
  4729 | D:6      | Found a staircase to the Ecumenical Temple.
  4778 | D:6      | Reached skill level 2 in Invocations
  4788 | Temple   | Found a transporter.
  4788 | Temple   | Found a transporter.
  4788 | Temple   | Found a transporter.
  4788 | Temple   | Found a transporter.
  4788 | Temple   | Entered the Ecumenical Temple
  4960 | D:6      | Reached skill level 3 in Invocations
  5105 | D:6      | Found a shadowy altar of Dithmenos.
  5393 | D:6      | Reached skill level 4 in Invocations
  5398 | D:6      | Reached skill level 5 in Invocations
  5398 | D:6      | Reached XP level 9. HP: 19/79 MP: 10/13
  5817 | D:7      | Found Xaxofaj's Armour Boutique.
  5852 | D:7      | HP: 2/79 [black bear (5)]
  5852 | D:7      | Slain by a black bear

Illustrated notes

Levels and vault maps discovered:
D:1:      evilmike_arrival_crescent, layout_basic, minmay_tromino_v4_a
D:2:      layout_rooms, minmay_surrounded, uniq_sigmund, uniq_crazy_yiuf_cottage
D:3:      layout_basic, st_stairs_9
D:4:      layout_rooms, nicolae_ashenzari_skybound, chequers_ossuary_entry_cave,
          serial_shops, shop
D:5:      minmay_general_purpose_star, layout_basic,
          mainiacjoe_overflow_24_doors
D:6:      layout_rooms, mainiacjoe_overflow_boulevard, temple_green,
          serial_rivers, chequers_serial_rivers_large_b,
          chequers_serial_rivers_micro_e, chequers_serial_rivers_micro_b,
          chequers_serial_rivers_marsh, chequers_serial_rivers_room_b,
          minmay_misc_feat_more_columns, st_stairs_10, nicolae_fountain_basement
D:7:      layout_loops_cross, serial_shops, shop
Temple:   hellmonk_temple_divided_pantheon

Skill      XL: |  1  2  3  4  5  6  7  8 |
---------------+-------------------------+-----
Stealth        | 2 4 |  4.0
Dodging        | 2 3 |  3.7
Fighting       | 3 4 |  4.6
Unarmed Combat | 3 4 |  4.6
Shapeshifting  | 4 |  4.6
Evocations     | 4 |  4.0
Invocations    | 5 |  5.6

Action                     |  1- 3 |  4- 6 |  7- 9 || total
---------------------------+-------+-------+-------++-------
  Melee: Unarmed           |    82 |   164 |   213 ||   459
         Punch             |     2 |     5 |     6 ||    13
  Throw: Dart              |       |       |     1 ||     1
Ability: Spit Poison       |    31 |    16 |    25 ||    72
  Evoke: Wand              |       |       |     3 ||     3
    Use: Scroll            |       |     8 |     3 ||    11
         Potion            |       |     8 |     5 ||    13
   Stab: Sleeping          |     1 |     1 |     2 ||     4
         Invisible         |       |       |     8 ||     8
 Armour: Animal skin       |    18 |    11 |    33 ||    62
         Skin              |       |    37 |       ||    37
  Dodge: Dodged            |    45 |    38 |    95 ||   178
         Form:             |       |       |     1 ||     1
         Beast             |       |       |     1 ||     1

Table legend: (Time is in decaauts)
 A = Elapsed time spent in this place.
 B = Non-inter-level travel time spent in this place.
 C = Inter-level travel time spent in this place.
 D = Time resting spent in this place.
 E = Time spent auto-exploring this place.
 F = Levels seen in this place.
 G = Mean time per level.
                   A        B        C        D        E       F      G
               +--------+--------+--------+--------+--------+-----+--------+
         Total |   7154 |   6730 |    424 |   1422 |   3368 |   9 |  794.9 |
       Dungeon |   6060 |   5636 |    424 |    822 |   3241 |   7 |  865.7 |
        Temple |    157 |    157 |      0 |    133 |      0 |   1 |  157.0 |
       Ossuary |    936 |    936 |      0 |    466 |    126 |   1 |  936.0 |
               +--------+--------+--------+--------+--------+-----+--------+

Top non-repeatable levels by time:
     D:5: 1513 daAuts
     D:6: 1268 daAuts
     D:1: 1034 daAuts
 Ossuary: 936 daAuts
     D:2: 766 daAuts
     D:4: 719 daAuts
     D:3: 715 daAuts
  Temple: 157 daAuts
     D:7: 43 daAuts
